 Dungeon Crawl Stone Soup version 0.24.0-123-gd5b16e6ec5 (webtiles) character file.

Game seed: 17916098834680252218, levelgen mode: deterministic

693 Kagorn the Cudgeler (level 7, -17/44 HPs)
             Began as a Gargoyle Berserker on Jan 18, 2020.
             Was a Priest of Trog.
             Demolished by an ogre
             ... wielding a +0 giant club
              (18 damage)
             ... on level 5 of the Dungeon on Jan 19, 2020.
             The game lasted 00:35:17 (3914 turns).

Kagorn the Cudgeler (Gargoyle Berserker)            Turns: 3914, Time: 00:35:18

Health: -17/44     AC: 13    Str: 21    XL:     7   Next: 64%
Magic:  2/2        EV: 12    Int:  8    God:    Trog [***...]
Gold:   281        SH:  0    Dex: 10    Spells: 6/6 levels left

rFire    . . .     SeeInvis .   s - +2 flail (antimagic)
rCold    . . .     Gourm    .   (no shield)
rNeg     + . .     Faith    .   d - +2 leather armour {MR+}
rPois    ∞         Spirit   .   g - +1 helmet
rElec    +         Reflect  .   (no cloak)
rCorr    .         Harm     .   m - +0 pair of gloves
MR       +++..                  (no boots)
Stlth    +.........             t - amulet of the acrobat
HPRegen  0.14/turn              o - ring of protection from magic
MPRegen  0.08/turn              p - ring of protection from magic

@: no status effects
A: negative energy resistance 1, electricity resistance, unbreathing,
petrification resistance, rot immunity, AC +4
a: Berserk, Trog's Hand, Renounce Religion


You were on level 5 of the Dungeon.
You worshipped Trog.
Trog was most pleased with you.
You were not hungry.

You visited 1 branch of the dungeon, and saw 5 of its levels.
You also visited: Sewer.

You collected 281 gold pieces.

Inventory:

Hand Weapons
 a - a +1 mace
 s - a +2 antimagic flail (weapon)
Armour
 d - a +2 leather armour of magic resistance (worn)
 g - a +1 helmet (worn)
 j - a +0 scale mail
 m - a +0 pair of gloves (worn)
 n - a +0 ring mail
 C - a +0 chain mail of magic resistance
Magical Staves
 x - an uncursed staff of fire {unknown}
Jewellery
 o - a ring of protection from magic (left hand)
 p - a ring of protection from magic (right hand)
 t - an amulet of the acrobat (around neck)
Scrolls
 b - a scroll of immolation {unknown}
 h - a scroll of enchant weapon
 i - 2 scrolls of remove curse
 l - a scroll of fog {unknown}
 q - 2 scrolls of noise {unknown}
 r - 5 scrolls of teleportation
 v - a scroll of blinking {unknown}
 y - a scroll of magic mapping {unknown}
 B - a scroll of identify
Potions
 e - 5 potions of flight
 f - a potion of resistance
 k - 2 potions of curing {unknown}
 u - a potion of might {unknown}
 w - a potion of degeneration {unknown}
 A - a potion of heal wounds {unknown}
Comestibles
 c - 7 rations
 z - 3 chunks of flesh


   Skills:
 * Level 5.0 Fighting
 * Level 6.7 Maces & Flails
 * Level 3.8 Armour
 + Level 2.7 Dodging
 + Level 0.5 Stealth


You had 6 spell levels left.
You didn't know any spells.
Your spell library was empty.

Dungeon Overview and Level Annotations

Branches:
Dungeon (5/15)             Temple (0/1) D:4           Sewer (visited)

Altars:
Fedhas
Gozag
Makhleb
Uskayaw
The Shining One


Innate Abilities, Weirdness & Mutations

You are resistant to torment.
Your stone body is resilient. (AC +4)
You are immune to poison.
You resist negative energy. (rN+)
You are resistant to electric shocks. (rElec)
You can survive without breathing.
You are immune to petrification.
You are immune to rotting.


Message History

You hit something.
A sky beast appears from thin air!
Reactivating autopickup.
The sky beast closely misses you.
You thump the sky beast!
The sky beast is severely wounded.
The ogre hits you with a +0 giant club.
The sky beast hits you but does no damage.
You closely miss the sky beast.
The sky beast is severely wounded.
The sky beast closely misses you. The ogre barely misses you.
You closely miss the sky beast.
The sky beast is severely wounded.
The sky beast hits you. The sky beast shocks you. You resist.
The ogre hits you with a +0 giant club!!
* * * LOW HITPOINT WARNING * * *
You hit the sky beast.
The sky beast is severely wounded.
The sky beast hits you but does no damage.
The ogre hits you with a +0 giant club!!
You die...

........#
........##
..........
#........# #.
#..<..!.[# ...
##..?..(..###.#.
.......OY.......
#......@.......
#......!..##.##
#######..........#
.................#
........#....##...
.............# ..
######......# .
#..........# ...
#........###


You could see a sky beast and an ogre.

Vanquished Creatures
  An ice beast (D:3)
  2 ogres (D:4)
  A scorpion (D:4)
  An orc priest (D:4)
  3 hounds
  A worker ant (D:4)
  A merfolk avatar (Sewer)
  A merfolk siren (Sewer)
  9 adders
  A shadow imp (D:5)
  2 worms
  2 dart slugs
  3 leopard geckos
  7 orcs
  10 ball pythons
  7 giant cockroaches
  8 goblins
  8 hobgoblins
  6 jackals
  A quokka (D:3)
  5 bats
  6 frilled lizards
  2 jackal skeletons (D:4)
  4 kobolds
  A leopard gecko skeleton (D:4)
  26 rats
119 creatures vanquished.

Notes
Turn   | Place    | Note
-------+----------+-------------------------------------------
     0 | D:1      | Kagorn the Gargoyle Berserker began the quest for the Orb.
     0 | D:1      | Reached XP level 1. HP: 14/14 MP: 1/1
   124 | D:1      | Reached XP level 2. HP: 11/19 MP: 2/2
   727 | D:2      | Found an opulent altar of Gozag.
   801 | D:2      | Reached XP level 3. HP: 24/24 MP: 3/3
   986 | D:2      | Reached ** piety under Trog
  1489 | D:3      | Noticed an ice beast
  1500 | D:3      | Reached skill level 4 in Maces & Flails
  1506 | D:3      | Reached XP level 4. HP: 26/29 MP: 4/4
  1528 | D:3      | Killed an ice beast
  1528 | D:3      | Reached XP level 5. HP: 3/33 MP: 5/5
  1944 | D:3      | Found a hide-covered altar of Uskayaw.
  2199 | D:3      | Reached skill level 5 in Maces & Flails
  2418 | D:4      | Found a blossoming altar of Fedhas.
  2424 | D:4      | Noticed an ogre
  2432 | D:4      | Killed an ogre
  2432 | D:4      | Reached XP level 6. HP: 5/39 MP: 2/6
  2712 | D:4      | Found a glowing golden altar of the Shining One.
  3081 | D:4      | Reached skill level 6 in Maces & Flails
  3104 | D:4      | Reached XP level 7. HP: 44/44 MP: 2/7
  3135 | D:4      | Found a staircase to the Ecumenical Temple.
  3258 | D:4      | Found a burning altar of Makhleb.
  3283 | D:5      | Entered Level 5 of the Dungeon
  3309 | D:5      | Found a glowing drain.
  3328 | Sewer    | Entered a sewer
  3376 | Sewer    | Reached *** piety under Trog
  3460 | Sewer    | Received a gift from Trog
  3880 | D:5      | Reached skill level 5 in Fighting
  3913 | D:5      | HP: 1/44 [ogre/+0 giant club (18)]
  3914 | D:5      | Demolished by an ogre

Levels and vault maps discovered:
D:1:      roderic_dead_forest, layout_rooms, chequers_serial_rivers_small_b,
          nrook_uturn
D:2:      layout_basic, grunt_gozag_breadcrumbs
D:3:      layout_loops_cross, old_standard_altar, first_ration
D:4:      layout_rooms, old_standard_altar, lemuel_coloured_pillars_altar,
          fedhas_altar_3, temple_doors_cd
D:5:      layout_basic, lemuel_blue_sif_altar, cheibrodos_sewer_entry_sluice,
          corexii_corridor_pit, minivault_27

Skill      XL: |  1  2  3  4  5  6  7 |
---------------+----------------------+-----
Maces & Flails | 4 5 6 |  6.7
Fighting       | 4 5 |  5.0
Armour         | 3 |  3.8
Dodging        | 2 |  2.7
Stealth        | |  0.5

Action                   |  1- 3 |  4- 6 |  7- 9 || total
-------------------------+-------+-------+-------++-------
Melee: Mace              |    98 |    98 |       ||   196
       Flail             |       |    61 |   187 ||   248
  Use: Scroll            |     7 |       |       ||     7
       Potion            |     3 |       |       ||     3
 Stab: Sleeping          |       |     1 |     1 ||     2
  Eat: Chunk             |     1 |     5 |     1 ||     7
       Ration            |       |     1 |       ||     1
Armor: Animal skin       |     6 |       |       ||     6
       Scale mail        |    29 |       |       ||    29
       Leather armour    |    10 |    73 |    80 ||   163
Dodge: Dodged            |    68 |   123 |   127 ||   318
